 Dungeon Crawl Stone Soup version 0.20.1-1-g8b1a95d (webtiles) character file.

900 Milesaru the Archer (level 7, 0/52 HPs)
             Began as a Centaur Arcane Marksman on July 20, 2017.
             Was a Follower of Okawaru.
             Shot with an arrow by a centaur (8 damage)
             ... on level 5 of the Dungeon.
             The game lasted 00:31:48 (6677 turns).

Milesaru the Archer (Centaur Arcane Marksman)       Turns: 6677, Time: 00:31:49

Health: 0/52       AC:  8    Str: 15    XL:     7   Next: 79%
Magic:  3/8        EV: 10    Int: 12    God:    Okawaru [*.....]
Gold:   307        SH:  0    Dex: 11    Spells: 5/8 levels left

rFire    . . .     SeeInvis .   i - +0 dagger (elec)
rCold    . . .     Gourm    .   (no shield)
rNeg     . . .     Faith    .   y - +3 leather armour {MR+}
rPois    .         Spirit   .   (no helmet)
rElec    .         Reflect  .   (no cloak)
rCorr    .         Harm     .   E - +0 pair of gloves
MR       +....                  (no barding)
Stlth    +.........             (no amulet)
Regen    0.2/turn               k - +2 ring of strength
MPRegen  0.2/turn               (no ring)

@: very quick
A: hooves 3, deformed body, speed 2, tough skin 3
a: Heroism, Renounce Religion


You were on level 5 of the Dungeon.
You worshipped Okawaru.
Okawaru was aware of your devotion.
You were hungry.

You visited 2 branches of the dungeon, and saw 7 of its levels.

You collected 307 gold pieces.

Inventory:

Hand Weapons
 a - a +0 shortbow
 i - a +0 dagger of electrocution (weapon)
 p - a +2 dagger of speed
Armour
 y - a +3 leather armour of magic resistance (worn)
 E - a +0 pair of gloves (worn)
Jewellery
 k - a +2 ring of strength (left hand)
 m - an uncursed ring of ice
Wands
 w - a wand of random effects (27/48)
Scrolls
 b - a scroll of enchant armour
 u - a scroll of amnesia
 v - 2 scrolls of remove curse
 D - a scroll of recharging
 F - a scroll of immolation
Potions
 e - a potion of invisibility {unknown}
 g - a potion of mutation {unknown}
 o - a potion of cancellation {unknown}
 q - a potion of might {unknown}
 s - a potion of curing
 t - a potion of heal wounds {unknown}
 x - a potion of magic {unknown}
 z - a potion of flight {unknown}
 B - a potion of berserk rage {unknown}
 C - 2 potions of ambrosia
Books
 c - a book of Debilitation

   Spells                             Type                      Level
   a - Corona                         Hexes                        1
   b - Slow                           Hexes                        2
   c - Inner Flame                    Hexes/Fire                   3
   d - Portal Projectile              Hexes/Translocation          3
   e - Cause Fear                     Hexes                        4
   f - Leda's Liquefaction            Hexes/Earth                  4
Comestibles
 f - 3 bread rations
 r - 4 royal jellies
 A - a meat ration


   Skills:
 - Level 1.6 Fighting
 - Level 0.5 Short Blades
 * Level 9.4 Bows
 - Level 2.0 Dodging
 - Level 0.1 Stealth
 - Level 1.2 Spellcasting
 + Level 5.0 Hexes


You had 5 spell levels left.
You knew the following spells:

 Your Spells              Type           Power        Failure   Level  Hunger
a - Corona                Hex            ##.....      4%          1    ##.....
b - Slow                  Hex            ##......     7%          2    ###....


Dungeon Overview and Level Annotations

Branches:
Dungeon (6/15)             Temple (1/1) D:4

Altars:
Ashenzari
Cheibriados
Dithmenos
Elyvilon
Fedhas
Gozag
Hepliaklqana
Kikubaaqudgha
Makhleb
Nemelex Xobeh
Okawaru
Qazlal
Ru
Sif Muna
Trog
Uskayaw
Vehumet
Xom
Yredelemnul
Zin
The Shining One

Annotations:
D:3 appiemonkey's ghost, amateur TeAE
D:5 Prince Ribbit


Innate Abilities, Weirdness & Mutations

You have hooves in place of feet.
Armour fits poorly on your strangely shaped body.
You cover ground very quickly.
You have extremely tough skin. (AC +3)


Message History

The wraith hits you.
* * * LOW HITPOINT WARNING * * *
The wraith drains your vigour!
You feel yourself slow down.
You hit the wraith but do no damage. Lightning courses through the wraith!
You destroy the wraith!
Okawaru is honoured by your kill.
Your Bows skill increases to level 9!
Your Hexes skill increases to level 5!
A centaur comes into view.
The centaur shouts!
The centaur wields a shortbow.
The centaur shoots an arrow.
The arrow barely misses you.
You feel yourself speed up.
The centaur shoots an arrow.
The arrow hits you!
* * * LOW HITPOINT WARNING * * *
You see here an arrow.
Wield which item (- for none, * to show all)? (? for menu, Esc to quit)
Okay, then.
The centaur shoots an arrow.
The arrow completely misses you.
The centaur shoots an arrow.
The arrow hits you!
You die...

...##
#.#.#.#.#.#.#.....(####.##
...# #..................#
#.# #.##
##...⌠.....⌠.[..###.# #.#
#.####[......_.......# #.#
#.#
)W..).()..⌠.....⌠(...###.#
#.#
#.####...............c...#
#.# #.#
#..#.#.#.#.#.#..##..# #.#
#.# #........(...(..##..#
#.### #.#
#.#.##.###(@######..#
#.... #.#
#.#..........#####..#
##### #.#
#...................# #.#
######.####.######.## #.#
#.####.######.# #.#
#.............# #.#
#>####.############# #.#
#.# #...........<.# #.#
#.# #############.#


You could see a centaur.

Vanquished Creatures
  A wraith (D:5)
  A water moccasin (D:5)
  A centaur zombie (D:5)
  An orc priest (D:4)
  2 hounds
  A jelly (D:5)
  3 orc wizards
  An iguana (D:4)
  5 worker ants
  A hound skeleton (D:6)
  2 worker ant zombies (D:5)
  4 gnolls
  A howler monkey skeleton (D:5)
  6 adders
  3 worms
  2 dart slugs
  4 leopard geckos
  16 orcs
  10 bats
  6 giant cockroaches
  13 goblins
  9 hobgoblins
  9 jackals
  4 kobolds
  2 quokkas (D:3)
  2 ball pythons
  2 frilled lizards
  A leopard gecko skeleton (D:4)
  9 rats
122 creatures vanquished.

Notes
Turn   | Place    | Note
-------+----------+-------------------------------------------
     0 | D:1      | Milesaru the Centaur Arcane Marksman began the quest for the Orb.
     0 | D:1      | Reached XP level 1. HP: 16/16 MP: 2/2
   164 | D:1      | Reached XP level 2. HP: 17/23 MP: 1/3
   175 | D:1      | Reached skill level 3 in Bows
   498 | D:1      | Reached XP level 3. HP: 18/28 MP: 2/4
  1184 | D:2      | Reached skill level 4 in Bows
  1184 | D:2      | Reached XP level 4. HP: 30/35 MP: 3/5
  2076 | D:3      | Found a burning altar of Makhleb.
  2099 | D:3      | Reached XP level 5. HP: 18/40 MP: 2/6
  2128 | D:3      | Reached skill level 5 in Bows
  2279 | D:3      | Found a faded altar of an unknown god.
  2483 | D:3      | Noticed appiemonkey's ghost (amateur TeAE)
  2498 | D:3      | Learned a level 2 spell: Slow
  3514 | D:4      | Reached skill level 6 in Bows
  3517 | D:4      | Reached XP level 6. HP: 35/47 MP: 3/7
  3771 | D:4      | Found a staircase to the Ecumenical Temple.
  4007 | Temple   | Entered the Ecumenical Temple
  4051 | Temple   | Became a worshipper of Warmaster Okawaru
  4260 | D:5      | Entered Level 5 of the Dungeon
  4277 | D:5      | Found a white marble altar of Elyvilon.
  4436 | D:5      | Noticed a water moccasin
  5075 | D:4      | Reached skill level 7 in Bows
  5313 | D:5      | Killed a water moccasin
  5313 | D:5      | Reached XP level 7. HP: 52/52 MP: 1/8
  5385 | D:5      | Reached skill level 8 in Bows
  5446 | D:5      | Found a snail-covered altar of Cheibriados.
  6256 | D:5      | Noticed Prince Ribbit
  6351 | D:5      | Reached * piety under Okawaru
  6508 | D:6      | Noticed a wraith
  6511 | D:6      | Noticed a wraith
  6593 | D:5      | HP: 2/52 [wraith[a death knight] (11)]
  6661 | D:5      | Killed a wraith
  6661 | D:5      | Reached skill level 9 in Bows
  6661 | D:5      | Reached skill level 5 in Hexes
  6677 | D:5      | Shot with an arrow by a centaur

Skill      XL: |  1  2  3  4  5  6  7 |
---------------+----------------------+-----
Hexes          | 3 4 5 |  5.0
Bows           | 3 4 6 7 9 |  9.4
Dodging        | 2 |  2.0
Fighting       | |  1.6
Short Blades   | |  0.5
Stealth        | |  0.1
Spellcasting   | |  1.2

Action                   |  1- 3 |  4- 6 |  7- 9 || total
-------------------------+-------+-------+-------++-------
Melee: Club              |    32 |       |       ||    32
       Kick              |     6 |    21 |    13 ||    40
       Dagger            |    28 |   144 |    75 ||   247
 Fire: Shortbow          |    65 |   157 |    79 ||   301
 Cast: Corona            |    29 |    41 |    24 ||    94
       Slow              |       |    22 |    22 ||    44
  Use: Scroll            |       |    13 |     2 ||    15
       Potion            |       |       |     6 ||     6
  Eat: Chunk             |     1 |     5 |     4 ||    10
       Meat ration       |       |     2 |       ||     2
Armor: Robe              |    54 |    13 |       ||    67
       Leather armour    |       |    43 |    21 ||    64
Dodge: Dodged            |    72 |    66 |    31 ||   169
